 Dungeon Crawl Stone Soup version 0.30-b1-2-g02819fbbbe (webtiles) character file.

Game seed: 10174710739176973613

264 Arum the Shield-Bearer (level 6, 0/46 (49) HPs)
             Began as a Formicid Fighter on May 12, 2023.
             Succumbed to Terence's poison
             ... on level 2 of the Dungeon.
             The game lasted 00:01:39 (991 turns).

Arum the Shield-Bearer (Formicid Fighter)            Turns: 991, Time: 00:01:39

HP:   0/46 (49)     AC:  7    Str: 20 (23) XL:     6   Next: 43%
MP:   6/6           EV:  9    Int: 11 (13) God:
Gold: 108           SH:  5    Dex: 12 (13) Spells: 5/5 levels left

rFire   + . .        a - +0 quarterstaff
rCold   . . .        c - +0 buckler
rNeg    . . .        b - +0 scale mail
rPois   .            (helmet unavailable)
rElec   .            (no cloak)
rCorr   .            (no gloves)
SInv    +            (no boots)
Will    .....        (no amulet) Stlth
                     j - ring of protection from fire
HPRegen 0.27/turn    m - +6 ring of intelligence
MPRegen 0.10/turn

%: no passive effects
@: lethally poisoned (0 -> -37), drained
A: permanent stasis, dig shafts and tunnels, antennae 3, four strong arms
a: Dig, Shaft Self


You were on level 2 of the Dungeon.
You visited 1 branch of the dungeon, and saw 2 of its levels.

You collected 108 gold pieces.

Inventory:

Hand Weapons
 a - a +0 quarterstaff (weapon)
Armour
 b - a +0 scale mail (worn)
 c - a +0 buckler (worn)
Jewellery
 j - a ring of protection from fire (left hand)
 m - a +6 ring of intelligence (right hand)
Scrolls
 e - 2 scrolls of identify {unknown}
 g - a scroll of immolation
 i - a scroll of blinking {unknown}
 n - a scroll of enchant armour {unknown}
Potions
 d - a potion of might
 h - a potion of flight {unknown}
 k - a potion of curing {unknown}
 l - 3 potions of haste
 o - a potion of resistance {unknown}


   Skills:
 + Level 4.6 Fighting
 + Level 3.5 Staves
 + Level 4.6 Armour
 + Level 5.6 Shields


You had 5 spell levels left.
You didn't know any spells.
Your spell library contained the following spells:

 Spells                   Type           Power      Damage    Failure   Level
 Ensorcelled Hibernation  Hex/Ice        0%         N/A       87%         2
 Passwall                 Tmut/Erth      0%         N/A       87%         2
 Spider Form              Tmut/Pois      0%         N/A       98%         3
 Anguish                  Hex/Necr       0%         N/A       100%        4
 Swiftness                Air            Unusable   N/A       N/A         3

Dungeon Overview and Level Annotations

Branches:
Dungeon (2/15)

Altars:

Annotations:
D:2 Terence


Innate Abilities, Weirdness & Mutations

You cannot be hasted, slowed, berserked, paralysed or teleported.
You can dig through walls and to a lower floor.
You have a pair of large antennae on your head. (SInv)
Your four strong arms can wield two-handed weapons with a shield.


Message History

Natasha claws you but does no damage. Natasha barely misses you.
You hit Natasha.
You kill Natasha!
Natasha yowls pathetically as she dies!
You barely miss Terence.
Terence hits you with a +1 hand axe of venom.
You are poisoned.
You hit Terence.
Terence is lightly wounded.
You feel very sick. Terence closely misses you.
You barely miss Terence.
Terence is lightly wounded.
You feel very sick. Terence closely misses you.
Terence hits you with a +1 hand axe of venom!
You are lethally poisoned!
You are too injured to fight recklessly!
You are too injured to fight recklessly!
You are too injured to fight recklessly!
You are too injured to fight recklessly!
You are too injured to fight recklessly!
You are too injured to fight recklessly!
You are too injured to fight recklessly!
You are too injured to fight recklessly!
You are too injured to fight recklessly!
You are too injured to fight recklessly!
You are too injured to fight recklessly!
You are too injured to fight recklessly!
You are too injured to fight recklessly!
You hit Terence.
Terence is moderately wounded.
You feel extremely sick.
Terence hits you with a +1 hand axe of venom.
* * * LOW HITPOINT WARNING * * *
You are more poisoned.
It was a potion of degeneration.
There was something very wrong with that liquid.
You feel weakened.
You feel dopey.
You feel clumsy.
You die...

#.....†..#.#.#...{...#.#
#.#####..#...##.###.##...
#.########.#...........#.#
#.........)##.###.###.#
..# #######..............
#. ##.###.###.###.# #.#
### ..###. ##.#.###@## .#
########...h...#@# #
.........#####.###
########. #.# # #?. #.##
#.# { ..# ###


You could see Terence.

Vanquished Creatures
  Sigmund (D:2)
  Natasha (twice) (D:2)
  A gnoll (D:1)
  An adder (D:2)
  A dart slug (D:1)
  2 ball pythons
  3 endoplasms
  2 giant cockroaches
  7 goblins (D:1)
  4 hobgoblins (D:1)
  A quokka (D:1)
  7 bats
  2 frilled lizards
  2 kobolds
  3 rats
39 creatures vanquished.

Notes
Turn   | Place    | Note
-------+----------+-------------------------------------------
     0 | D:1      | Arum the Formicid Fighter began the quest for the Orb.
     0 | D:1      | Reached XP level 1. HP: 18/18 MP: 1/1
    36 | D:1      | Found a faded altar of an unknown god.
   109 | D:1      | Reached XP level 2. HP: 24/24 MP: 2/2
   156 | D:1      | You fall into a shaft and drop 1 floor!
   166 | D:2      | Noticed Natasha
   176 | D:2      | Killed Natasha
   177 | D:2      | Reached XP level 3. HP: 18/30 MP: 3/3
   334 | D:2      | Reached XP level 4. HP: 37/37 MP: 4/4
   350 | D:2      | Noticed Sigmund
   359 | D:2      | Killed Sigmund
   360 | D:2      | Reached skill level 5 in Shields
   360 | D:2      | Reached XP level 5. HP: 37/43 MP: 5/5
   360 | D:2      | Reached XP level 6. HP: 43/49 MP: 6/6
   948 | D:2      | Noticed Terence
   949 | D:2      | Noticed Natasha
   986 | D:2      | Killed Natasha
   991 | D:2      | Succumbed to Terence's poison

Illustrated notes

Levels and vault maps discovered:
D:1:      onia_arrival_pentagram, layout_basic,
          hellmonk_ecumenical_altar_blasted
D:2:      layout_loops_ring, nicolae_concentric_dashed_squares_wild,
          ebering_dispersal_statue_hall, minmay_close_crescents, uniq_natasha,
          uniq_sigmund, uniq_crazy_yiuf_cottage, uniq_terence

Skill      XL: |  1  2  3  4 |
---------------+-------------+-----
Fighting       | 4 |  4.6
Staves         | 3 |  3.5
Armour         | 4 |  4.6
Shields        | 5 |  5.6

Action                     |  1- 3 |  4- 6 || total
---------------------------+-------+-------++-------
  Melee: Quarterstaff      |    53 |    77 ||   130
Ability: Dig               |       |     2 ||     2
    Use: Potion            |       |     1 ||     1
 Armour: Scale mail        |    39 |    31 ||    70
  Dodge: Dodged            |    29 |    40 ||    69
  Block: Buckler           |    14 |    22 ||    36
